 Dungeon Crawl Stone Soup version 0.28.0-45-g0d030f2227 (webtiles) character file.

Game seed: 17211101825634752601

2 Icepheonix32 the Skirmisher (level 1, 0/18 HPs)
             Began as a Demonspawn Fighter on Apr 13, 2022.
             Constricted to death by a ball python (1 damage)
             ... on level 1 of the Dungeon.
             The game lasted 00:00:08 (81 turns).

Icepheonix32 the Skirmisher (Demonspawn Fighter)      Turns: 81, Time: 00:00:09

Health: 0/18       AC:  6    Str: 16    XL:     1   Next: 33%
Magic:  1/1        EV:  5    Int:  9    God:
Gold:   0          SH:  4    Dex: 12    Spells: 0/0 levels left

rFire   . . .      SeeInvis .   a - +0 long sword
rCold   . . .      Faith    .   c - +0 buckler
rNeg    . . .      Spirit   .   b - +0 scale mail
rPois   .          Reflect  .   (no helmet)
rElec   .          Harm     .   (no cloak)
rCorr   .          Rampage  .   (no gloves)
Will    .....                   (no boots)
Stlth   ..........              (no amulet)
HPRegen 0.06/turn               (no ring)
MPRegen 0.07/turn               (no ring)

@: constricted
A: no striking features
a: no special abilities


You were on level 1 of the Dungeon.
You visited 1 branch of the dungeon, and saw 1 of its levels.

Inventory:

Hand Weapons
 a - a +0 long sword (weapon)
Armour
 b - a +0 scale mail (worn)
 c - a +0 buckler (worn)
Scrolls
 e - a scroll of noise {unknown}
Potions
 d - a potion of might


   Skills:
 + Level 3.0 Fighting
 * Level 1.8 Long Blades
 + Level 2.7 Armour
 + Level 2.7 Shields


You couldn't memorise any spells.
You didn't know any spells.
Your spell library was empty.

Dungeon Overview and Level Annotations

Branches:
Dungeon (1/15)

Altars:


Message History

The frilled lizard barely misses you. The ball python bites you.
The ball python grabs you. The ball python constricts you.
The frilled lizard closely misses you.
You barely miss the frilled lizard. You block the ball python's attack.
The ball python constricts you.
The frilled lizard completely misses you.
The ball python bites you. The ball python constricts you.
You completely miss the frilled lizard.
The ball python bites you but does no damage.
The ball python constricts you.
* * * LOW HITPOINT WARNING * * *
The frilled lizard bites you but does no damage.
You block the ball python's attack. The ball python constricts you.
The frilled lizard closely misses you.
You miss the frilled lizard. You block the ball python's attack.
The ball python constricts you.
The frilled lizard bites you but does no damage.
You hit the frilled lizard.
You kill the frilled lizard!
The ball python bites you but does no damage.
The ball python constricts you. The ball python barely misses you.
The ball python constricts you.
The ball python's grasp on you weakens, but your attempt to escape fails.
The ball python bites you but does no damage.
The ball python constricts you.
You escape the ball python's grasp.
The ball python bites you.
* * * LOW HITPOINT WARNING * * *
The ball python grabs you. The ball python constricts you.
* * * LOW HITPOINT WARNING * * *
You escape the ball python's grasp.
Found a stone staircase leading down.
The ball python bites you but does no damage.
The ball python grabs you. The ball python constricts you.
You closely miss the ball python. The ball python bites you.
* * * LOW HITPOINT WARNING * * *
The ball python constricts you.
You closely miss the ball python. The ball python bites you.
* * * LOW HITPOINT WARNING * * *
The ball python constricts you. You block the ball python's attack.
The ball python constricts you.
You die...

.. ..## ..... #######
.....#+#######.....#
..............####.##
..............# #...#
..............# #...#
##..#..S@.....###...#
## #...............#
...?.........##....#
#........#######.#....#
#........#######.######
#......###..........#
####... #.########.#
#.#> #.## #..#


You could see a ball python.

Vanquished Creatures
  A quokka (D:1)
  A ball python (D:1)
  A frilled lizard (D:1)
3 creatures vanquished.

Notes
Turn   | Place    | Note
-------+----------+-------------------------------------------
     0 | D:1      | Icepheonix32 the Demonspawn Fighter began the quest for the
                  | Orb.
     0 | D:1      | Reached XP level 1. HP: 18/18 MP: 1/1
    81 | D:1      | Constricted to death by a ball python

Illustrated notes

Levels and vault maps discovered:
D:1:      mrwooster_arrival_statue, layout_basic,
          shapermc_ecumenical_altar_mp_highgroup, minmay_distorted

Action                   || total
-------------------------++-------
Melee: Long sword        ||    15
Armor: Scale mail        ||    14
Dodge: Dodged            ||     9
Block: Buckler           ||     7
